 Dungeon Crawl Stone Soup version 0.24.0-125-gc4c63601f3 (webtiles) character file.

Game seed: 5830584169651846360, levelgen mode: deterministic

56783 Frank2 the Basher (level 14, -5/113 HPs)
             Began as a Demonspawn Gladiator on Feb 18, 2020.
             Was a High Priest of Trog.
             Slain by a blink frog (27 damage)
             ... on level 6 of the Lair of Beasts on Feb 19, 2020.
             The game lasted 00:54:04 (20083 turns).

Frank2 the Basher (Demonspawn Gladiator)           Turns: 20083, Time: 00:54:05

Health: -5/113     AC: 34    Str: 19    XL:     14   Next: 43%
Magic:  22/22      EV:  9    Int: 11    God:    Trog [*****.]
Gold:   2070       SH:  0    Dex: 18    Spells: 13/13 levels left

rFire    + + .     SeeInvis .   q - +6 flail (freeze)
rCold    + + .     Gourm    .   (no shield)
rNeg     . . .     Faith    .   o - +13 plate armour "Xodera" {-Cast +Inv rCorr Str+4}
rPois    +         Spirit   .   y - +2 hat
rElec    .         Reflect  .   E - scarf {rC+ rF+}
rCorr    +         Harm     .   a - +3 pair of gauntlets of War {Slay+5}
MR       +....     NoCast   +   (boots unavailable)
Stlth    ..........             G - amulet of regeneration
HPRegen  0.68/turn              i - ring of resist corrosion
MPRegen  0.18/turn              s - ring of protection from fire

@: about to teleport, sleeping
A: antennae 2, claws 1, talons 3, cold resistance 1, foul stench 1, sense
surroundings 1, poison resistance, rot immunity, MP-powered wands
a: Berserk, Trog's Hand, Brothers in Arms, Renounce Religion, Evoke Invisibility


You were on level 6 of the Lair of Beasts.
You worshipped Trog.
Trog was extremely pleased with you.
You were not hungry.

You visited 3 branches of the dungeon, and saw 21 of its levels.
You also visited: Bailey and Gauntlet.

You collected 2070 gold pieces.

Inventory:

Hand Weapons
 q - a +6 flail of freezing (weapon)
Armour
 a - the +3 pair of gauntlets of War (worn) {Slay+5}
   (You found it in a Gauntlet)

   It affects your accuracy and damage with ranged weapons and melee attacks
   (+5).
 o - the +13 plate armour "Xodera" (worn) {-Cast +Inv rCorr Str+4}
   (You acquired it on level 3 of the Lair of Beasts)

   It affects your strength (+4).
   It lets you turn invisible.
   It prevents spellcasting.
   It provides partial protection from all sources of acid and corrosion.
 y - a +2 hat (worn)
 E - a scarf of resistance (worn)
Jewellery
 c - an uncursed ring of ice
 d - an uncursed amulet of magic regeneration {unknown}
 e - an uncursed ring of positive energy
 i - a ring of resist corrosion (left hand)
 n - an uncursed ring of see invisible
 s - a ring of protection from fire (right hand)
 z - a +2 ring of intelligence {unknown}
 G - an amulet of regeneration (around neck)
 I - a cursed ring of attention {unknown}
Wands
 l - a wand of flame (10)
 m - a wand of digging (11)
 p - a wand of enslavement (2)
 F - a wand of acid (3)
 K - a wand of iceblast (28)
Scrolls
 b - a scroll of identify
 u - 2 scrolls of enchant armour
 v - 3 scrolls of teleportation
 x - 3 scrolls of magic mapping
 B - 8 scrolls of remove curse
Potions
 g - a potion of cancellation
 h - 3 potions of haste
 j - a potion of lignification
 t - a potion of might
 w - a potion of magic {unknown}
 A - 3 potions of experience {unknown}
 C - 2 potions of agility {unknown}
 D - 2 potions of flight {unknown}
 L - 6 potions of curing
Comestibles
 f - 37 rations


   Skills:
 + Level 11.2 Fighting
 + Level 14.2 Maces & Flails
 - Level 1.7 Throwing
 + Level 11.2 Armour
 + Level 5.5 Dodging
 * Level 10.9 Evocations


You had 13 spell levels left.
You didn't know any spells.
Your spell library contained the following spells:

 Spells                   Type           Power        Failure   Level  Hunger
 Flame Tongue             Conj/Fire      #....        99%         1    ##.....
 Throw Flame              Conj/Fire      #.....       100%        2    ###....
 Conjure Flame            Conj/Fire      #.......     100%        3    ####...
 Inner Flame              Hex/Fire       #.......     100%        3    ####...
 Sticky Flame             Conj/Fire      #.......     100%        4    #####..
 Fireball                 Conj/Fire      #.........   100%        5    ######.


Dungeon Overview and Level Annotations

Branches:
Dungeon (13/15)            Temple (0/1) D:7            Lair (6/6) D:8
 Shoals (0/4) Lair:2       Spider (0/4) Lair:3        Slime (0/5) Lair:5
    Orc (2/2) D:9             Elf (0/3) Orc:2        Vaults (0/5) D:13
 Bailey (visited)         Gauntlet (visited)

Altars:
Cheibriados
Dithmenos
Elyvilon
Makhleb
Nemelex Xobeh
Okawaru
Qazlal
Trog
Wu Jian
Xom
Zin
Beogh
Jiyva

Shops:
D:7 %   D:9 [   D:12 (   Orc:2 [[!}

Annotations:
Lair:6 Sonja


Innate Abilities, Weirdness & Mutations

You have a pair of antennae on your head.
You have sharp fingernails.
You have claws for feet.
You may emit foul miasma when damaged in melee.
You are immune to rotting.
Your flesh is cold resistant. (rC+)
You passively map a small area around you.
Your system is resistant to poisons. (rPois)
You expend magic power (3 MP) to strengthen your wands.


Message History

The blink frog blinks!
The water moccasin bites you but does no damage.
The yak gores you!
* * * LOW HITPOINT WARNING * * *
The blink frog hits you but does no damage.
The dream sheep bites you but does no damage.
The dream sheep looks sick.
You feel better. Sonja hits you but does no damage.
Sonja hits you with a +0 dagger of venom.
* * * LOW HITPOINT WARNING * * *
Sonja hits you but does no damage.
The water moccasin bites you but does no damage.
A yak comes into view.
The yak gores you but does no damage.
The dream sheep shake their wool and sparkle.
You feel drowsy...
You fall asleep.
The dream sheep bites you but does no damage.
The yak gores you but does no damage.
The yak looks sick.
The blink frog hits you!!
You die...

, , , ,............... *
...............
........F...... * ,
......(........ ,,,
.......H....... ,
.....lYY.......
,....YFYKS...... *
**#Y@FF..... * * * *
#.#YYY...). ######
###Y....... #.##.#####
####YY.(.....
P.#.#.#..###.#..........
...............S........
........................
........................
........................*


You could see a komodo dragon, a hippogriff, 6 yaks, 4 blink frogs, Sonja, 2
water moccasins and 5 dream sheep.

Vanquished Creatures
  An orc warlord (Bailey)
  A minotaur (Gauntlet)
  A dire elephant (Lair:6)
  Fannar (Lair:3)
  Josephine (D:11)
  3 hydras
  The ghost of Xerdoz the Arsonist, a journeyman BaFE of Sif Muna (Lair:1)
  Harold (Lair:2)
  Erolcha (Orc:2)
  A catoblepas (Lair:6)
  3 death yaks (Lair:6)
  A two-headed ogre (D:8)
  A deep troll shaman (Lair:6)
  6 orc knights
  Pikel (D:6)
  An ugly thing (D:11)
  A moth of wrath (Gauntlet)
  13 elephants
  Maurice (D:12)
  4 black mambas
  3 merfolk sirens (Lair:2)
  8 spiny frogs
  3 centaur skeletons
  4 komodo dragons
  3 rime drakes
  A merfolk (Lair:2)
  3 meliai (Gauntlet)
  3 trolls
  10 blink frogs
  3 slime creatures (D:12)
  2 dream sheep (Lair:6)
  A polar bear (Lair:5)
  The ghost of matti1234 the Sneak, an amateur OpWr (D:3)
  9 hippogriffs
  2 redbacks (Gauntlet)
  A vampire (D:9)
  4 wraiths (D:11)
  27 yaks
  3 wyverns
  2 basilisks
  A human (D:9)
  A yak (shapeshifter) (D:13)
  A hungry ghost (D:11)
  Eustachio (D:6)
  3 hogs (D:9)
  A steam dragon (D:9)
  11 water moccasins
  3 sky beasts
  Duvessa (D:4)
  41 orc warriors
  11 porcupines
  5 ice beasts
  A hornet zombie (D:11)
  7 ogres
  15 wolves
  14 centaurs
  5 crocodiles
  6 big kobolds (D:4)
  16 bullfrogs
  Dowan (D:4)
  A water moccasin zombie (D:6)
  A wyvern skeleton (D:9)
  8 scorpions
  10 killer bees (D:11)
  10 wights (D:8)
  8 howler monkeys
  An electric eel (Lair:2)
  4 crimson imps
  A centaur zombie (D:11)
  10 orc priests
  4 hounds
  4 jellies
  Crazy Yiuf (D:2)
  3 bullfrog skeletons
  2 bullfrog zombies
  A gnoll shaman (D:8)
  Jessica (D:3)
  Ijyb (D:3)
  3 iguanas
  Natasha (thrice) (D:3)
  18 orc wizards
  11 worker ants
  A hound zombie (D:9)
  A hound skeleton (D:5)
  A worker ant zombie (D:11)
  19 gnolls
  13 adders
  6 shadow imps
  An ooze (D:2)
  5 adder skeletons
  3 adder zombies
  5 worms
  2 dart slugs (D:2)
  8 leopard geckos
  105 orcs
  3 ball pythons
  9 bats
  3 giant cockroaches
  23 hobgoblins
  16 jackals
  4 quokkas
  3 frilled lizards
  23 goblins
  41 kobolds
  A leopard gecko skeleton (D:4)
  A quokka skeleton (D:4)
  9 rats
694 creatures vanquished.

Vanquished Creatures (collateral kills)
  An orc warrior (D:9)
  A scorpion (D:9)
  2 orcs (D:9)
4 creatures vanquished.

Vanquished Creatures (others)
  An elephant (Lair:2)
  4 fungi
  4 plants
9 creatures vanquished.

Grand Total: 707 creatures vanquished

Notes
Turn   | Place    | Note
-------+----------+-------------------------------------------
     0 | D:1      | Frank2 the Demonspawn Gladiator began the quest for the
                  | Orb.
     0 | D:1      | Reached XP level 1. HP: 16/16 MP: 1/1
   128 | D:1      | Gained mutation: You have sharp toenails. [demonic
                  | ancestry]
   128 | D:1      | Reached XP level 2. HP: 17/22 MP: 2/2
   225 | D:1      | Reached skill level 3 in Maces & Flails
   683 | D:2      | Gained mutation: You are immune to rotting. [demonic
                  | ancestry]
   683 | D:2      | Reached XP level 3. HP: 25/27 MP: 3/3
   876 | D:2      | Reached skill level 1 in Armour
   947 | D:2      | Gained mutation: You have razor-sharp toenails. [demonic
                  | ancestry]
   947 | D:2      | Reached XP level 4. HP: 33/33 MP: 4/4
  1009 | D:2      | Found a faded altar of an unknown god.
  1130 | D:2      | Found a runed translucent door.
  1131 | D:2      | Noticed Crazy Yiuf
  1140 | D:2      | Killed Crazy Yiuf
  1140 | D:2      | Reached skill level 4 in Maces & Flails
  1450 | D:3      | Noticed Ijyb
  1461 | D:3      | Killed Ijyb
  1461 | D:3      | Gained mutation: You have sharp fingernails. [demonic
                  | ancestry]
  1461 | D:3      | Reached XP level 5. HP: 39/39 MP: 5/5
  1569 | D:3      | Found a runed translucent gate.
  1569 | D:3      | Found a runed translucent gate.
  1569 | D:3      | Found a runed translucent gate.
  1569 | D:3      | Noticed matti1234's ghost (amateur OpWr)
  1597 | D:3      | Noticed Natasha
  1639 | D:3      | Killed Natasha
  1704 | D:3      | Noticed Natasha
  1710 | D:3      | Killed Natasha
  1986 | D:3      | Noticed Natasha
  1995 | D:3      | Killed Natasha
  1995 | D:3      | Reached XP level 6. HP: 24/46 MP: 6/6
  2152 | D:3      | Noticed Jessica
  2157 | D:3      | Killed Jessica
  2157 | D:3      | Reached skill level 5 in Maces & Flails
  2821 | D:4      | Noticed Duvessa
  2822 | D:4      | Noticed Dowan
  2838 | D:4      | Killed Duvessa
  2838 | D:4      | Reached XP level 7. HP: 41/52 MP: 7/7
  2850 | D:4      | Killed Dowan
  3042 | D:4      | Reached skill level 1 in Evocations
  3252 | D:4      | Reached skill level 6 in Maces & Flails
  3550 | D:4      | Gained mutation: You have a pair of small antennae on your
                  | head. [demonic ancestry]
  3550 | D:4      | Reached XP level 8. HP: 32/58 MP: 9/9
  3956 | D:5      | Entered Level 5 of the Dungeon
  4145 | D:5      | Reached skill level 7 in Maces & Flails
  4687 | D:5      | Found a snail-covered altar of Cheibriados.
  5046 | D:6      | Noticed Eustachio
  5059 | D:6      | Killed Eustachio
  5292 | D:6      | Reached XP level 9. HP: 61/66 MP: 11/11
  5600 | D:6      | Found a glowing silver altar of Zin.
  5678 | D:6      | Noticed Pikel
  5697 | D:6      | Killed Pikel
  5697 | D:6      | Reached skill level 8 in Maces & Flails
  5697 | D:6      | Reached skill level 5 in Dodging
  6135 | D:7      | Reached skill level 5 in Armour
  6139 | D:7      | Found a bloodstained altar of Trog.
  6150 | D:7      | Reached skill level 5 in Fighting
  6234 | D:7      | Found a staircase to the Ecumenical Temple.
  6618 | D:7      | Reached skill level 5 in Evocations
  6802 | D:7      | Found Esuecw's Food Emporium.
  6849 | D:7      | Found a shadowy altar of Dithmenos.
  7192 | D:7      | Became a worshipper of Trog the Wrathful
  7665 | D:8      | Noticed a two-headed ogre
  7671 | D:8      | Killed a two-headed ogre
  7671 | D:8      | Reached skill level 9 in Maces & Flails
  7671 | D:8      | Gained mutation: You have claws for feet. [demonic
                  | ancestry]
  7671 | D:8      | Reached XP level 10. HP: 51/76 MP: 12/14
  8020 | D:8      | Reached * piety under Trog
  8271 | D:8      | Found a staircase to the Lair.
  8367 | D:8      | Found a white marble altar of Elyvilon.
  8372 | D:8      | Found an iron altar of Okawaru.
  8379 | D:8      | Found a sparkling altar of Nemelex Xobeh.
  8384 | D:8      | Found a glowing silver altar of Zin.
  8391 | D:8      | Found a burning altar of Makhleb.
  8396 | D:8      | Found a shimmering altar of Xom.
  8407 | D:8      | Found a stormy altar of Qazlal.
  8682 | D:9      | Found an ornate altar of the Wu Jian Council.
  8693 | D:9      | Found a roughly hewn altar of Beogh.
  8693 | D:9      | Found a staircase to the Orcish Mines.
  8868 | D:8      | Reached skill level 10 in Maces & Flails
  8989 | D:9      | Identified the cursed +0 leather armour of Tygur {*Contam
                  | MR+ Dex+3}
  9140 | D:9      | Found Catzaobir's Armour Shoppe.
  9395 | D:10     | Entered Level 10 of the Dungeon
  9454 | D:10     | Reached ** piety under Trog
  9620 | D:10     | Reached XP level 11. HP: 74/82 MP: 15/15
  9984 | D:10     | Found a stormy altar of Qazlal.
 10381 | Lair:1   | Entered Level 1 of the Lair of Beasts
 10525 | Lair:1   | Found a runed translucent door.
 10526 | Lair:1   | Noticed Xerdoz's ghost (journeyman BaFE)
 10601 | Lair:1   | Noticed a five-headed hydra
 10662 | Lair:1   | Killed a five-headed hydra
 11548 | Lair:2   | Noticed Harold
 11665 | Lair:2   | Killed Harold
 11665 | Lair:2   | Reached skill level 11 in Maces & Flails
 11692 | Lair:2   | Reached *** piety under Trog
 11694 | Lair:2   | HP: 4/85 [komodo dragon (24)]
 11882 | Lair:2   | Found a staircase to the Shoals.
 11894 | Lair:2   | Reached XP level 12. HP: 28/92 MP: 17/17
 12392 | Lair:3   | Noticed Fannar
 12398 | Lair:3   | Gained mutation: Your system is resistant to poisons.
                  | (rPois) [potion of mutation]
 12398 | Lair:3   | Gained mutation: You are clumsy. (Dex -2) [potion of
                  | mutation]
 12398 | Lair:3   | Gained mutation: Your body sometimes deteriorates upon
                  | taking damage. [potion of mutation]
 12398 | Lair:3   | Gained mutation: You have a pair of antennae on your head.
                  | [potion of mutation]
 12433 | Lair:3   | Killed Fannar
 12436 | Lair:3   | Lost mutation: You have a pair of antennae on your head.
                  | [potion of mutation]
 12436 | Lair:3   | Lost mutation: You are clumsy. (Dex -2) [potion of
                  | mutation]
 12436 | Lair:3   | Gained mutation: You passively map a small area around you.
                  | [potion of mutation]
 12436 | Lair:3   | Gained mutation: You can translocate small distances at
                  | will. [potion of mutation]
 12437 | Lair:3   | Lost mutation: You can translocate small distances at will.
                  | [potion of mutation]
 12437 | Lair:3   | Lost mutation: Your body sometimes deteriorates upon taking
                  | damage. [potion of mutation]
 12437 | Lair:3   | Gained mutation: You expend magic power (3 MP) to
                  | strengthen your wands. [potion of mutation]
 12437 | Lair:3   | Gained mutation: Your flesh is cold resistant. (rC+)
                  | [potion of mutation]
 12812 | Lair:3   | Found a hole to the Spider Nest.
 13137 | Lair:3   | Identified a scroll of acquirement
 13138 | Lair:3   | Got a heavily runed plate armour
 13149 | Lair:3   | Identified the +13 plate armour "Xodera" {-Cast +Inv rCorr
                  | Str+4} (You acquired it on level 3 of the Lair of Beasts)
 13322 | Orc:1    | Entered Level 1 of the Orcish Mines
 13822 | Orc:2    | Entered Level 2 of the Orcish Mines
 13845 | Orc:2    | Found a roughly hewn altar of Beogh.
 13894 | Orc:2    | Found a staircase to the Elven Halls.
 13926 | Orc:2    | Noticed Erolcha
 13935 | Orc:2    | Killed Erolcha
 13996 | Orc:2    | Reached **** piety under Trog
 14198 | Orc:2    | Received a gift from Trog
 14339 | Orc:2    | Reached skill level 12 in Maces & Flails
 14423 | Orc:2    | HP: 2/94 [orc warrior/+0 glaive (30)]
 14684 | Orc:2    | Found Ydusch's Distillery.
 14684 | Orc:2    | Found Urham's Armour Shoppe.
 14686 | Orc:2    | Found Haosone's Antique Armour Emporium.
 14688 | Orc:2    | Found Ule Pim's Gadget Shop.
 15060 | D:11     | Reached ***** piety under Trog
 15067 | D:11     | Received a gift from Trog
 15146 | D:11     | Noticed Josephine
 15160 | D:11     | Killed Josephine
 15160 | D:11     | Reached skill level 10 in Armour
 15389 | D:11     | Gained mutation: You may emit foul miasma when damaged in
                  | melee. [demonic ancestry]
 15389 | D:11     | Reached XP level 13. HP: 101/101 MP: 20/20
 15451 | D:11     | Received a gift from Trog
 15794 | D:12     | Found a flagged portal.
 15803 | Bailey   | Entered a bailey
 16087 | Bailey   | Noticed an orc warlord
 16100 | Bailey   | HP: 4/102 [orc warlord/+0 battleaxe of electrocution (34)]
 16103 | Bailey   | Killed an orc warlord
 16116 | Bailey   | Reached skill level 13 in Maces & Flails
 16126 | Bailey   | Found the +0 sword of Power
 16199 | D:12     | Noticed Maurice
 16265 | D:12     | Killed Maurice
 16289 | D:12     | Found a gate leading to a gauntlet.
 16297 | Gauntlet | Entered a Gauntlet
 16297 | Gauntlet | Found a transporter.
 16306 | Gauntlet | Found a transporter.
 16322 | Gauntlet | Found a transporter.
 16323 | Gauntlet | Found the +3 crown of Dyrovepreva {rElec Int+2 SInv}
 16326 | Gauntlet | Found a transporter.
 16328 | Gauntlet | Found a large runed translucent door.
 16329 | Gauntlet | Found a large runed translucent door.
 16330 | Gauntlet | Found a large runed translucent door.
 16330 | Gauntlet | Found a large runed translucent door.
 16330 | Gauntlet | Found a runed translucent door.
 16331 | Gauntlet | Found a large runed translucent door.
 16332 | Gauntlet | Found a large runed translucent door.
 16333 | Gauntlet | Found a large runed translucent door.
 16333 | Gauntlet | Found a large runed translucent door.
 16334 | Gauntlet | Found a runed translucent gate.
 16344 | Gauntlet | Found a transporter.
 16344 | Gauntlet | Found a runed translucent gate.
 16345 | Gauntlet | Found a runed translucent gate.
 16346 | Gauntlet | Found a large runed translucent door.
 16346 | Gauntlet | Found a large runed translucent door.
 16347 | Gauntlet | Found a large runed translucent door.
 16348 | Gauntlet | Found a large runed translucent door.
 16357 | Gauntlet | Found a transporter.
 16370 | Gauntlet | Found a transporter.
 16394 | Gauntlet | Found a transporter.
 16394 | Gauntlet | Found a transporter.
 16402 | Gauntlet | Found a transporter.
 16420 | Gauntlet | Found the +3 pair of gauntlets of War {Slay+5}
 16427 | Gauntlet | Found a transporter.
 16427 | Gauntlet | Found a transporter.
 16446 | Gauntlet | Noticed a green death
 16456 | Gauntlet | Found a large runed translucent door.
 16457 | Gauntlet | Found a large runed translucent door.
 16458 | Gauntlet | Found a large runed translucent door.
 16458 | Gauntlet | Found a large runed translucent door.
 16458 | Gauntlet | Found a runed translucent door.
 16720 | Gauntlet | Noticed a minotaur
 16729 | Gauntlet | Killed a minotaur
 16729 | Gauntlet | Reached skill level 10 in Fighting
 16924 | D:12     | Found Byng's Weapon Shoppe.
 17192 | D:12     | Received a gift from Trog
 17601 | D:13     | Found a gate to the Vaults.
 17825 | Lair:1   | Killed Xerdoz's ghost
 18025 | D:3      | Killed matti1234's ghost
 18257 | Lair:4   | Reached skill level 10 in Evocations
 18520 | Lair:4   | You fall into a shaft and drop 1 floor!
 19083 | Lair:5   | Gained mutation: You have a pair of antennae on your head.
                  | [demonic ancestry]
 19083 | Lair:5   | Reached XP level 14. HP: 111/111 MP: 21/21
 19303 | Lair:5   | Received a gift from Trog
 19354 | Lair:5   | Found a staircase to the Slime Pits.
 19354 | Lair:5   | Found a viscous altar of Jiyva.
 19720 | Lair:6   | Entered Level 6 of the Lair of Beasts
 19802 | Lair:6   | Reached skill level 14 in Maces & Flails
 20041 | Lair:6   | Noticed Sonja
 20083 | Lair:6   | Slain by a blink frog

Levels and vault maps discovered:
D:1:      lemuel_arrival_tunnels, layout_basic, amethyst_killhole,
          minmay_pentomino_z2
D:2:      layout_rooms, chequers_ecumenical_altar_grove, uniq_crazy_yiuf_cottage
D:3:      layout_basic, gammafunk_ghost_necromancy, uniq_ijyb, uniq_jessica,
          uniq_natasha
D:4:      minmay_goblin_kobold_castle, layout_basic, first_ration, uniq_duvessa
D:5:      layout_basic, cheibrodos_worm_habitat
D:6:      layout_cave_pools, basic_altar, uniq_eustachio, uniq_pikel
D:7:      layout_basic, nicolae_overflow_crystal_walls, lemuel_doored_altar,
          minmay_temple_entry_statues_fountains, serial_shops,
          nicolae_shop_competitors_out_of_business
D:8:      layout_rooms, grunt_temple_overflow_octagram, lair_entry_dummy,
          serial_curves, eino_curves_01, eino_curves_03
D:9:      layout_cave_pools, kennysheep_little_box, david_orc_5, serial_shops,
          shop, grunt_livestock
D:10:     layout_small_grid, mrwooster_statue_mirror,
          nicolae_qazlal_general_emergency
D:11:     layout_basic, uniq_josephine
D:12:     layout_irregular_city, enter_bailey_8, gauntlet_entry_generic,
          serial_shops, shop, chequers_serial_rivers_large_b, uniq_maurice
D:13:     layout_layer_cave, lightli_vaults_fourway_checkpoint
Lair:1:   layout_chaotic_city, gammafunk_ghost_grave, hibernation_bobbens,
          lemuel_fruit_tree
Lair:2:   layout_gridlike, elwin_shoals_entry_stream, uniq_harold
Lair:3:   layout_concentric_octagons, dummy_spider_entry,
          infiniplex_staircase_pool_2, uniq_fannar
Lair:4:   layout_hall_layers, chequers_serial_rivers_micro_a
Lair:5:   layout_cave_pods, slime_altar_1
Lair:6:   grunt_lair_end_beastmaster, layout_big_grid, uniq_sonja
Orc:1:    layout_caves
Orc:2:    st_orc_rangers, layout_diamond_mine, nicolae_orc_lost_temple,
          uniq_erolcha

Skill      XL: |  1  2  3  4  5  6  7  8  9 10 11 12 13 14 |
---------------+-------------------------------------------+-----
Dodging        | 3 4 5 |  5.5
Maces & Flails | 3 4 5 6 7 9 10 11 12 13 14 | 14.2
Armour         | 1 2 3 4 5 7 8 10 11 | 11.2
Fighting       | 3 4 5 6 7 9 10 11 | 11.2
Evocations     | 2 3 5 6 7 9 10 | 10.9
Throwing       | |  1.7

Action                   |  1- 3 |  4- 6 |  7- 9 | 10-12 | 13-15 || total
-------------------------+-------+-------+-------+-------+-------++-------
Melee: Flail             |   106 |   164 |   575 |   983 |   631 ||  2459
       Kick              |    14 |    44 |   154 |   367 |   253 ||   832
Throw: Throwing net      |       |     1 |       |       |       ||     1
Evoke: Wand              |       |     3 |     3 |    39 |    20 ||    65
  Use: Scroll            |     3 |     6 |     6 |    23 |     8 ||    46
       Potion            |       |       |     4 |     9 |     4 ||    17
 Stab: Invisible         |       |       |       |     3 |       ||     3
       Paralysed         |       |       |       |     3 |       ||     3
  Eat: Chunk             |       |     7 |     9 |    22 |    14 ||    52
       Ration            |       |       |     2 |     1 |     1 ||     4
Armor: Leather armour    |    25 |       |       |       |       ||    25
       Ring mail         |     7 |    72 |   234 |       |       ||   313
       Plate armour      |       |       |    50 |   716 |   458 ||  1224
Dodge: Dodged            |    79 |   112 |   471 |   354 |   261 ||  1277
